[Event "ICC tourney 2603 (40 5)"]
[Site "Internet Chess Club"]
[Date "2021.06.12"]
[Round "2"]
[White "WONG, WYATT:K05-17016313"]
[Black "PEYTON, NATHAN:K05-16452322"]
[Result "1/2-1/2"]
[ICCResult "Game drawn by repetition"]
[WhiteElo "1620"]
[BlackElo "1363"]
[Opening "Petrov: Nimzovich attack"]
[ECO "C42"]
[NIC "RG.03"]
[Time "14:00:43"]
[PlyCount "229"]
[TimeControl "2400+5"]

1. e4 e5 2. Nf3 Nf6 3. Nxe5 d6 4. Nf3 Nxe4 5. Nc3 Nf6 6. Be2 d5 7. d4 c6 8.
O-O Bd6 9. Bg5 O-O 10. Re1 Bf5 11. Bd3 Bxd3 12. Qxd3 h6 13. Bh4 Nbd7 14.
Ne5 Qc7 15. f4 Rfe8 16. Re2 a6 17. a4 c5 18. Rae1 cxd4 19. Nxd7 Qxd7 20.
Qxd4 Rxe2 21. Rxe2 Rc8 22. Kh1 Rc4 23. Qd1 Rxf4 24. Bxf6 gxf6 25. Nxd5 Be5
26. Rd2 Qg4 27. Nxf4 Qxf4 28. g3 Qe4+ 29. Rg2 Qxa4 30. b3 Qe4 31. Qe2 Qd4
32. h3 Kh8 33. Qf3 Qd7 34. Qh5 Kh7 35. Rf2 Qd5+ 36. Kg1 Qe6 37. Qf5+ Qxf5
38. Rxf5 Kg6 39. g4 b5 40. h4 a5 41. h5+ Kg7 42. c4 bxc4 43. bxc4 a4 44. c5
a3 45. c6 a2 46. Rf1 Kf8 47. c7 Bxc7 48. Ra1 Kg7 49. Rxa2 Be5 50. Ra6 Bf4
51. Kg2 Be5 52. Kf3 Bb2 53. Ke4 Be5 54. Kd5 Kf8 55. Rc6 Kg7 56. Ke4 Ba1 57.
Kf5 Bb2 58. Rc7 Be5 59. Re7 Bb2 60. Rb7 Bd4 61. Ke4 Be5 62. Kd5 Kf8 63. Kc6
Ke8 64. Ra7 Bf4 65. Ra8+ Ke7 66. Rh8 Bg5 67. Kd5 Kd7 68. Ra8 Ke7 69. Rb8
Bf4 70. Rb7+ Ke8 71. Kc6 Be5 72. Rd7 Bf4 73. Rd1 Be5 74. Re1 Ke7 75. Kd5
Kf8 76. Rxe5 fxe5 77. Kxe5 Kg7 78. Kf5 Kh7 79. Kf6 Kg8 80. Kf5 Kg7 81. Ke5
Kf8 82. Kf6 Kg8 83. Ke5 Kg7 84. Kf5 Kh7 85. Kf4 Kg7 86. Ke5 Kf8 87. Kf6 Kg8
88. Kf5 Kh7 89. Ke4 Kg7 90. Ke5 Kf8 91. Kd6 Kg7 92. Ke5 Kf8 93. Kf5 Kg7 94.
Ke5 Kf8 95. Kd6 Kg7 96. Ke5 Kf8 97. Kf4 Kg7 98. Kf5 Kf8 99. Ke5 Kg7 100.
Kf5 Kf8 101. Kf6 Kg8 102. Ke5 Kg7 103. Kf5 Kf8 104. Kf4 Kg7 105. Kf5 Kf8
106. Ke5 Kg7 107. Kf5 Kf8 108. Kf6 Kg8 109. Ke5 Kg7 110. Kf5 Kf8 111. Ke4
Kg7 112. Ke5 Kf8 113. Kd6 Kg7 114. Ke5 Kf8 115. Kd6 { Game drawn by
repetition } 1/2-1/2

[Event "ICC tourney 2603 (40 5)"]
[Site "Internet Chess Club"]
[Date "2021.06.12"]
[Round "3"]
[White "PEYTON, NATHAN:K05-16452322"]
[Black "VEMPARALA, NIKASH:K05-16438800"]
[Result "1-0"]
[ICCResult "Black checkmated"]
[WhiteElo "1363"]
[BlackElo "1684"]
[Opening "Four knights: Spanish variation"]
[ECO "C48"]
[NIC "KP.03"]
[Time "17:00:20"]
[PlyCount "35"]
[TimeControl "2400+5"]

1. e4 e5 2. Nf3 Nc6 3. Nc3 Nf6 4. Bb5 Bd6 5. O-O O-O 6. d3 a6 7. Bc4 b5 8.
Bb3 Bb7 9. Bg5 h6 10. Bh4 Be7 11. Re1 d6 12. Ne2 Nh7 13. Bxe7 Nxe7 14. Ng3
Kh8 15. Qd2 f5 16. Nh4 f4 17. Ngf5 Nxf5 18. Ng6# { Black checkmated } 1-0

[Event "ICC tourney 2603 (40 5)"]
[Site "Internet Chess Club"]
[Date "2021.06.12"]
[Round "3"]
[White "SASTRY, ARUSH:K05-30017444"]
[Black "SHANMUGAM, MEERA:K05-16606945"]
[Result "0-1"]
[ICCResult "White checkmated"]
[WhiteElo "1358"]
[BlackElo "1225"]
[Opening "QGD: classical variation (5.Bf4)"]
[ECO "D31"]
[NIC "QO.04"]
[Time "17:00:24"]
[PlyCount "92"]
[TimeControl "2400+5"]

1. d4 d5 2. c4 e6 3. Nc3 Be7 4. Nf3 Nf6 5. Bf4 O-O 6. e3 Nbd7 7. Bd3 b6 8.
O-O Bb7 9. cxd5 Nxd5 10. Nxd5 Bxd5 11. Ne5 Nf6 12. Bg5 h6 13. Bxf6 Bxf6 14.
Ng4 Qe7 15. e4 Bc6 16. e5 Bg5 17. Qc2 Qd7 18. Bh7+ Kh8 19. Rac1 Bxc1 20.
Rxc1 Bb7 21. Ne3 Qxd4 22. Qxc7 Rac8 23. Rc4 Rxc7 24. Rxd4 Rc1+ 25. Rd1
Rxd1+ 26. Nxd1 Kxh7 27. Ne3 Rc8 28. g3 Rc1+ 29. Nf1 Ba6 30. Kg2 Bxf1+ 31.
Kf3 Rb1 32. b3 Rb2 33. Kf4 Rxf2+ 34. Ke3 Rxa2 35. Kf4 Rxh2 36. g4 Rb2 37.
g5 Rxb3 38. gxh6 a5 39. hxg7 a4 40. Kg5 Kxg7 41. Kh5 a3 42. Kg5 a2 43. Kh5
a1=Q 44. Kg5 Qxe5+ 45. Kg4 Qe4+ 46. Kg5 Rb5# { White checkmated } 0-1

[Event "ICC tourney 2603 (40 5)"]
[Site "Internet Chess Club"]
[Date "2021.06.12"]
[Round "3"]
[White "XIA, CHENXIANG:K05-16930170"]
[Black "PRASANNA, KEVIN FRANCO:K05-15771571"]
[Result "0-1"]
[ICCResult "White resigns"]
[WhiteElo "1084"]
[BlackElo "1346"]
[Opening "QGD Slav defense"]
[ECO "D10"]
[NIC "SL.01"]
[Time "17:00:30"]
[PlyCount "112"]
[TimeControl "2400+5"]

1. d4 d5 2. c4 c6 3. Nc3 Bf5 4. Nf3 e6 5. c5 Nd7 6. Bf4 Ngf6 7. e3 Be7 8.
h3 Bg6 9. Bg5 Ne4 10. Bxe7 Qxe7 11. Qb3 Nxc3 12. Qxc3 O-O 13. Bd3 Nf6 14.
O-O Ne4 15. Bxe4 Bxe4 16. Nd2 Bf5 17. Nf3 Qf6 18. Qb3 Rab8 19. Qd1 Qg6 20.
g4 Bc2 21. Nh4 Qf6 22. Qxc2 Qxh4 23. Kg2 f5 24. f3 Rf6 25. Qf2 Qxf2+ 26.
Rxf2 Rbf8 27. f4 fxg4 28. hxg4 g5 29. Raf1 gxf4 30. Rxf4 Rxf4 31. Rxf4 Rxf4
32. exf4 Kg7 33. Kf3 Kg6 34. b4 h5 35. a4 a6 36. Kg3 hxg4 37. Kxg4 Kf6 38.
a5 Kg6 39. Kh4 Kf5 40. Kh5 Kxf4 41. Kg6 Ke4 42. Kf7 Kxd4 43. Kxe6 Kc4 44.
Kd7 Kxb4 45. Kc7 d4 46. Kxb7 d3 47. Kxc6 d2 48. Kb6 d1=Q 49. c6 Qd4+ 50.
Kb7 Qd5 51. Kb6 Qxa5+ 52. Kb7 Qb5+ 53. Kc8 Qxc6+ 54. Kb8 Qd7 55. Ka8 Kb5
56. Kb8 Kb6 { White resigns } 0-1

[Event "ICC tourney 2603 (40 5)"]
[Site "Internet Chess Club"]
[Date "2021.06.12"]
[Round "3"]
[White "RAO, ANJANEYA SRIPATHY:K05-16442373"]
[Black "MARIAN, AARON:K05-15799497"]
[Result "1-0"]
[ICCResult "Black checkmated"]
[WhiteElo "1898"]
[BlackElo "1400"]
[Opening "Sicilian: Najdorf, Zagreb (fianchetto) variation"]
[ECO "B91"]
[NIC "SI.14"]
[Time "17:00:18"]
[PlyCount "43"]
[TimeControl "2400+5"]

1. e4 c5 2. Nf3 d6 3. d4 cxd4 4. Nxd4 Nf6 5. Nc3 a6 6. g3 b5 7. a3 Bb7 8.
Bg2 Nbd7 9. O-O Nc5 10. Re1 e5 11. Nf5 g6 12. Nh6 Bxh6 13. Bxh6 Qe7 14. Qf3
Ne6 15. Rad1 Nd4 16. Rxd4 exd4 17. Bg7 dxc3 18. Bxf6 Qf8 19. Qxc3 Kd7 20.
Bh3+ Ke8 21. Qc7 Qe7 22. Qxe7# { Black checkmated } 1-0

[Event "ICC tourney 2603 (40 5)"]
[Site "Internet Chess Club"]
[Date "2021.06.12"]
[Round "3"]
[White "TESSIORE, LUCA GIORGIO:K05-17347744"]
[Black "KANG, DYLAN TAEWOONG:K05-16103622"]
[Result "1-0"]
[ICCResult "Black checkmated"]
[WhiteElo "1914"]
[BlackElo "1601"]
[Opening "Robatsch (modern) defense"]
[ECO "A40"]
[NIC "KF.05"]
[Time "17:00:18"]
[PlyCount "39"]
[TimeControl "2400+5"]

1. d4 g6 2. e4 Bg7 3. c4 e6 4. Nc3 e5 5. d5 d6 6. Nf3 f5 7. exf5 Bxf5 8.
Ng5 Nf6 9. Bd3 Bd7 10. h4 Qe7 11. h5 Bg4 12. f3 e4 13. Bxe4 Nxe4 14. Ncxe4
Bf5 15. Qe2 h6 16. g4 gxh5 17. gxf5 hxg5 18. Bxg5 Qf8 19. Nxd6+ Kd7 20.
Qe6# { Black checkmated } 1-0

[Event "ICC tourney 2603 (40 5)"]
[Site "Internet Chess Club"]
[Date "2021.06.12"]
[Round "3"]
[White "YIN, HAOXUAN:K05-16009384"]
[Black "KONG, MILOJAMES:K05-16203724"]
[Result "0-1"]
[ICCResult "White checkmated"]
[WhiteElo "776"]
[BlackElo "1570"]
[Opening "French defense"]
[ECO "C00"]
[NIC "FR.01"]
[Time "17:00:21"]
[PlyCount "104"]
[TimeControl "2400+5"]

1. e4 e6 2. Nf3 d5 3. exd5 exd5 4. d4 Nf6 5. Nc3 Bf5 6. h3 Bb4 7. Bd2 Bd6
8. Be3 O-O 9. Bd3 Bxd3 10. Qxd3 Re8 11. O-O Nbd7 12. Bg5 h6 13. Bxf6 Nxf6
14. Rfe1 Qd7 15. Qd2 c6 16. Rxe8+ Rxe8 17. Re1 Bb4 18. a3 Ba5 19. b4 Bc7
20. Rxe8+ Qxe8 21. Qe3 Qxe3 22. fxe3 Bd6 23. Ne2 Nd7 24. c3 Nb6 25. Kf1 Nc4
26. Ke1 Nxe3 27. g4 Nc2+ 28. Kd2 Nxa3 29. Ke3 Nc4+ 30. Kd3 b6 31. Nc1 a5
32. bxa5 bxa5 33. Ne1 a4 34. Nc2 a3 35. Nb4 Bxb4 36. cxb4 Kh7 37. Ke2 Kg6
38. Kf3 f5 39. Kf4 fxg4 40. hxg4 Kf6 41. Kf3 g5 42. Ke2 Kg6 43. Kf3 h5 44.
gxh5+ Kxh5 45. Kg3 g4 46. Kg2 Kh4 47. Kh2 g3+ 48. Kg2 Kg4 49. Kg1 Kh3 50.
Kh1 Nd2 51. Kg1 Nf3+ 52. Kh1 g2# { White checkmated } 0-1

[Event "ICC tourney 2603 (40 5)"]
[Site "Internet Chess Club"]
[Date "2021.06.12"]
[Round "3"]
[White "LIU, NATHAN CHANG:K05-16650672"]
[Black "SATHISH, PRANAV:K05-16464655"]
[Result "0-1"]
[ICCResult "White resigns"]
[WhiteElo "1531"]
[BlackElo "1762"]
[Opening "Sicilian: Nimzovich-Rossolimo attack (with ...g6, without ...d6)"]
[ECO "B31"]
[NIC "SI.31"]
[Time "17:00:53"]
[PlyCount "142"]
[TimeControl "2400+5"]

1. e4 c5 2. Nf3 Nc6 3. Bb5 g6 4. Bxc6 dxc6 5. O-O Bg7 6. c3 e5 7. d3 Ne7 8.
Be3 b6 9. Nbd2 O-O 10. Nb3 Ba6 11. Nc1 Qd7 12. Re1 Rad8 13. c4 f5 14. exf5
e4 15. Nd2 exd3 16. fxg6 Nxg6 17. Rb1 Bd4 18. Nxd3 Bxe3 19. Rxe3 Nf4 20.
Nxf4 Rxf4 21. Qh5 Qf5 22. Re8+ Rxe8 23. Qxe8+ Qf8 24. Qxf8+ Kxf8 25. b3 b5
26. cxb5 cxb5 27. Rc1 c4 28. g3 Rd4 29. Nf3 Rd7 30. Ne5 Rc7 31. bxc4 bxc4
32. f4 Ke7 33. Kf2 Ke6 34. Ke3 Kd5 35. Rc3 Rb7 36. Rc2 Rb1 37. Rd2+ Kc5 38.
f5 c3 39. Rc2 Re1+ 40. Kf4 Kb4 41. f6 Rf1+ 42. Kg5 Bb7 43. Nd3+ Kc4 44. Nf4
Rd1 45. f7 Rd8 46. Ne6 Rc8 47. f8=Q Rxf8 48. Nxf8 Be4 49. Rc1 Kd3 50. Kh6
Kd2 51. Ra1 c2 52. Nxh7 c1=Q 53. Rxc1 Kxc1 54. g4 a5 55. Nf6 Bd3 56. g5 a4
57. h4 a3 58. Nd5 Kb2 59. Nb4 Bc4 60. g6 Kc3 61. Nc6 Bxa2 62. h5 Bc4 63.
Kg7 a2 64. h6 a1=Q 65. Kh7 Bd3 66. Ne5 Qa7+ 67. Kg8 Qb8+ 68. Kf7 Qxe5 69.
g7 Bh7 70. g8=Q Bxg8+ 71. Kxg8 Qg5+ { White resigns } 0-1

[Event "ICC tourney 2603 (40 5)"]
[Site "Internet Chess Club"]
[Date "2021.06.12"]
[Round "3"]
[White "ROY, AYUSH:K05-16710940"]
[Black "ADEWUMI, TANITOLUWA:K05-16649696"]
[Result "0-1"]
[ICCResult "White checkmated"]
[WhiteElo "1547"]
[BlackElo "2223"]
[Opening "King's Indian defense, 3.Nc3"]
[ECO "E61"]
[NIC "KI.80"]
[Time "17:01:11"]
[PlyCount "74"]
[TimeControl "2400+5"]

1. d4 Nf6 2. c4 g6 3. Nc3 Bg7 4. Bf4 O-O 5. e3 d6 6. Nf3 c6 7. Bd3 Nbd7 8.
h4 Re8 9. Bg3 e5 10. dxe5 dxe5 11. Bc2 e4 12. Ng5 Qb6 13. Rb1 Nc5 14. b4
Nd3+ 15. Bxd3 exd3 16. Qxd3 Bf5 17. e4 Rad8 18. Qf3 h6 19. O-O Bg4 20. Qf4
hxg5 21. hxg5 Nh5 22. Qxg4 Bxc3 23. Bh2 Qd4 24. Rbd1 Qxc4 25. Rxd8 Rxd8 26.
Bc7 Re8 27. Rc1 Qd3 28. Kh1 Bd4 29. Rd1 Qxe4 30. Rxd4 Qe1+ 31. Kh2 Qxf2 32.
a4 Re1 33. Qh4 Qg1+ 34. Kh3 Qh1+ 35. Bh2 Re3+ 36. g3 Qf1+ 37. Kg4 Qf5# {
White checkmated } 0-1

[Event "ICC tourney 2603 (40 5)"]
[Site "Internet Chess Club"]
[Date "2021.06.12"]
[Round "3"]
[White "BIRD, BRIAN:K05-15768143"]
[Black "RAJARAM, ROHAN:K05-15739716"]
[Result "0-1"]
[ICCResult "White checkmated"]
[WhiteElo "1531"]
[BlackElo "1905"]
[Opening "Nimzovich-Larsen attack: classical variation"]
[ECO "A01"]
[NIC "VO.08"]
[Time "17:00:25"]
[PlyCount "78"]
[TimeControl "2400+5"]

1. b3 d5 2. Bb2 Bf5 3. Nf3 e6 4. e3 Nf6 5. c4 c6 6. Nc3 Be7 7. Be2 O-O 8.
O-O Nbd7 9. d4 Rc8 10. Rc1 Bd6 11. h3 Ne4 12. Bd3 Ndf6 13. cxd5 exd5 14.
Qc2 Qc7 15. Qb1 Qb8 16. Nh4 Nd2 17. Qc2 Bxd3 18. Qxd2 Bxf1 19. Rxf1 Bb4 20.
a3 Ne4 21. Qc2 Bxc3 22. Bxc3 c5 23. Qd3 Nxc3 24. Qxc3 c4 25. bxc4 Rxc4 26.
Qd3 g6 27. Nf3 Rfc8 28. g3 Qd6 29. Kg2 Rc1 30. Rxc1 Rxc1 31. Qb5 Qc6 32.
Qa5 Qc4 33. Qd8+ Kg7 34. Nd2 Qc6 35. Nf3 Qa6 36. Ne5 Qf1+ 37. Kf3 Qh1+ 38.
Kf4 Qe4+ 39. Kg5 h6# { White checkmated } 0-1

[Event "ICC tourney 2603 (40 5)"]
[Site "Internet Chess Club"]
[Date "2021.06.12"]
[Round "3"]
[White "KRISHNAN, ASHVATH:K05-30042119"]
[Black "JAIN, KANISHK:K05-16575412"]
[Result "0-1"]
[ICCResult "White resigns"]
[WhiteElo "1138"]
[BlackElo "537"]
[Opening "French: exchange variation"]
[ECO "C01"]
[NIC "FR.01"]
[Time "17:00:19"]
[PlyCount "140"]
[TimeControl "2400+5"]

1. e4 e6 2. d4 d5 3. exd5 exd5 4. Nf3 c5 5. Nc3 Nf6 6. Be2 Nc6 7. O-O Bd6
8. Be3 b6 9. Re1 O-O 10. h3 Bb7 11. Bg5 cxd4 12. Nxd4 Nxd4 13. Qxd4 Be7 14.
Bd3 h6 15. Bh4 Re8 16. Bb5 Nd7 17. Bxe7 Rxe7 18. Bxd7 Qxd7 19. Rxe7 Qxe7
20. Nxd5 Qg5 21. Ne3 Re8 22. Qg4 Qb5 23. Rb1 h5 24. Qg3 Re6 25. Qb8+ Kh7
26. Qxb7 Qa4 27. a3 Rf6 28. Nd5 Rf5 29. Nc3 Qxc2 30. Rf1 Qxb2 31. Qe4 g6
32. Qb4 Qc2 33. Nb5 Rg5 34. Nxa7 Qc7 35. Nb5 Qc6 36. f3 Rxb5 37. Qe7 Qc5+
38. Qxc5 Rxc5 39. Rb1 b5 40. Kf2 Kh6 41. Rb3 Kg5 42. g3 h4 43. f4+ Kh5 44.
g4+ Kh6 45. Ke3 g5 46. f5 Kg7 47. Kd4 Rc4+ 48. Kd5 Kf6 49. Rxb5 Rc3 50. a4
Rxh3 51. a5 Ra3 52. Kc6 h3 53. Kb6 h2 54. Rb1 Rg3 55. Rh1 Rg2 56. a6 Ke5
57. a7 Rb2+ 58. Kc7 Ra2 59. Rb1 Rxa7+ 60. Kb6 Ra2 61. Kc5 Rg2 62. Rh1 Kf4
63. f6 Kg3 64. Kd6 Rg1 65. Rxh2 Kxh2 66. Ke7 Rxg4 67. Kxf7 Rf4 68. Kg6
Rxf6+ 69. Kxf6 g4 70. Kf5 g3 { White resigns } 0-1

[Event "ICC tourney 2603 (40 5)"]
[Site "Internet Chess Club"]
[Date "2021.06.12"]
[Round "3"]
[White "SAKALIYSKI, CHRISTOPHER KIRILOV:K05-16115040"]
[Black "YANG, ALEXANDER:K05-16917728"]
[Result "0-1"]
[ICCResult "White checkmated"]
[WhiteElo "1345"]
[BlackElo "1495"]
[Opening "English, 1...Nf6 (Anglo-Indian defense)"]
[ECO "A15"]
[NIC "EO.64"]
[Time "17:00:21"]
[PlyCount "106"]
[TimeControl "2400+5"]

1. c4 Nf6 2. g3 e5 3. Bg2 d5 4. cxd5 Nxd5 5. Nf3 Nc6 6. O-O Be7 7. Nc3 Nb6
8. e3 O-O 9. d4 exd4 10. Nxd4 Nxd4 11. exd4 c6 12. Be3 Be6 13. b4 Bxb4 14.
Ne4 Bd5 15. Qc2 f5 16. Nc5 Bxc5 17. dxc5 Bxg2 18. Kxg2 Qd5+ 19. f3 Nc4 20.
Bf2 Ne5 21. Qc3 Rfe8 22. Rfe1 Ng6 23. Rad1 Qf7 24. a3 f4 25. g4 Rxe1 26.
Bxe1 Re8 27. Bf2 h6 28. Rd3 Re2 29. Rd2 Nh4+ 30. Kh3 Rxd2 31. Qxd2 Nxf3 32.
Qd8+ Qf8 33. Qd7 Ng5+ 34. Kg2 Qf7 35. Qxf7+ Kxf7 36. a4 Ke6 37. h4 Ne4 38.
Bg1 Kd5 39. Kf3 g5 40. h5 Nxc5 41. a5 Nb3 42. Bxa7 Nxa5 43. Bb6 Nc4 44. Bd8
b5 45. Bf6 b4 46. Bxg5 hxg5 47. h6 Ne5+ 48. Kg2 Ng6 49. h7 b3 50. h8=Q Nxh8
51. Kh3 b2 52. Kg2 b1=Q 53. Kh3 Qh1# { White checkmated } 0-1

[Event "ICC tourney 2603 (40 5)"]
[Site "Internet Chess Club"]
[Date "2021.06.12"]
[Round "3"]
[White "KASHYAP, MAHATIB:K05-16792961"]
[Black "ZHUANG, KYLE:K05-16368295"]
[Result "1-0"]
[ICCResult "Black checkmated"]
[WhiteElo "1033"]
[BlackElo "1637"]
[Opening "Sicilian: Prins (Moscow) variation"]
[ECO "B55"]
[NIC "SI.01"]
[Time "17:00:24"]
[PlyCount "135"]
[TimeControl "2400+5"]

1. e4 c5 2. Nf3 d6 3. d4 cxd4 4. Nxd4 Nf6 5. f3 g6 6. c4 Nc6 7. Be3 Bg7 8.
Nc3 O-O 9. Be2 Bd7 10. Qd2 Rc8 11. O-O Ne5 12. b3 a6 13. Rac1 Bc6 14. Nd5
Bxd5 15. cxd5 Qd7 16. h3 Qd8 17. Rxc8 Qxc8 18. Rc1 Qd8 19. Qc3 Ned7 20. Qc7
Nc5 21. Qxd8 Rxd8 22. b4 Ncd7 23. Rc7 b5 24. Nc6 Re8 25. Ra7 e6 26. dxe6
fxe6 27. Rxa6 d5 28. e5 Nh5 29. f4 Ng3 30. Bxb5 Nf5 31. Bf2 Nb8 32. Ra8 Bf8
33. Rxb8 Rxb8 34. Nxb8 Bxb4 35. Bd7 Kf7 36. Nc6 Bc3 37. g4 Ne7 38. Nd8+ Kg7
39. Nxe6+ Kf7 40. Ng5+ Kg7 41. Nf3 h5 42. Bd4 Bb4 43. Kf2 hxg4 44. hxg4 Kf7
45. Ke3 Ba5 46. Bc5 Bd8 47. Bxe7 Kxe7 48. Bc6 Bb6+ 49. Kd3 Ke6 50. Ng5+ Ke7
51. Bxd5 Bc7 52. Bf7 Bb8 53. Bxg6 Kf8 54. Ke4 Kg7 55. Bf5 Ba7 56. Kd5 Be3
57. Ke4 Bb6 58. a4 Ba5 59. Bd7 Bb6 60. f5 Ba5 61. e6 Bb4 62. Kd5 Be7 63.
Ne4 Bd8 64. Nd6 Bb6 65. e7 Kh7 66. e8=Q Be3 67. Qg6+ Kh8 68. Nf7# { Black
checkmated } 1-0

[Event "ICC tourney 2603 (40 5)"]
[Site "Internet Chess Club"]
[Date "2021.06.12"]
[Round "3"]
[White "YAO, HANCHI:K05-16512998"]
[Black "DUNIKOV, GLIB:K05-16572317"]
[Result "1-0"]
[ICCResult "Black checkmated"]
[WhiteElo "1636"]
[BlackElo "1502"]
[Opening "Dutch: Leningrad, main variation"]
[ECO "A87"]
[NIC "HD.06"]
[Time "17:00:19"]
[PlyCount "99"]
[TimeControl "2400+5"]

1. d4 f5 2. c4 Nf6 3. Nf3 g6 4. g3 Bg7 5. Bg2 O-O 6. O-O d6 7. Nc3 Qe8 8.
Re1 Nc6 9. d5 Nd8 10. Nb5 Qd7 11. Nfd4 a6 12. Nc3 c5 13. dxc6 bxc6 14. Na4
Rb8 15. c5 dxc5 16. Nxc5 Qd6 17. Ncb3 e5 18. Nxc6 Qxd1 19. Rxd1 Nxc6 20.
Bxc6 Be6 21. Nc5 Rfc8 22. Nxe6 Rxc6 23. Nxg7 Kxg7 24. b3 Rc2 25. Kf1 Ne4
26. f3 Nf6 27. Ke1 e4 28. Rd2 Rbc8 29. Rxc2 Rxc2 30. Kd1 Rc5 31. Bb2 Rd5+
32. Kc2 e3 33. Rd1 Rc5+ 34. Bc3 Kf7 35. b4 Rc6 36. Kb3 g5 37. Bxf6 Kxf6 38.
Rd3 f4 39. gxf4 gxf4 40. a4 Ke5 41. b5 axb5 42. axb5 Rc7 43. Kb4 Rc2 44. b6
Rd2 45. b7 Rxd3 46. exd3 e2 47. b8=Q+ Kd4 48. Qxf4+ Kxd3 49. Qc1 h5 50.
Qc3# { Black checkmated } 1-0

[Event "ICC tourney 2603 (40 5)"]
[Site "Internet Chess Club"]
[Date "2021.06.12"]
[Round "3"]
[White "KANNAN, VIJAY:K05-16132744"]
[Black "GOLSEFIDY, SEPEHR:K05-16686975"]
[Result "0-1"]
[ICCResult "White checkmated"]
[WhiteElo "1618"]
[BlackElo "1882"]
[Opening "QGD: Ragozin, Vienna variation"]
[ECO "D39"]
[NIC "NI.27"]
[Time "17:00:17"]
[PlyCount "88"]
[TimeControl "2400+5"]

1. d4 Nf6 2. c4 e6 3. Nf3 d5 4. Nc3 Bb4 5. Bg5 dxc4 6. e3 b5 7. a4 c6 8.
Be2 h6 9. Bh4 Bb7 10. O-O a6 11. Ne4 Be7 12. Nc5 Bxc5 13. dxc5 Qxd1 14.
Rfxd1 Nbd7 15. b4 cxb3 16. axb5 cxb5 17. Rac1 Rc8 18. Bxf6 gxf6 19. Nd2
Nxc5 20. Rb1 Bd5 21. Rdc1 Ke7 22. f3 f5 23. Bd1 a5 24. Nxb3 Nxb3 25. Rxc8
Rxc8 26. Bxb3 Bxb3 27. Rxb3 b4 28. Kf2 Rb8 29. Ke2 a4 30. Rb1 b3 31. Kd2 a3
32. Kc3 a2 33. Kb2 axb1=Q+ 34. Kxb1 b2 35. g3 Kf6 36. h3 h5 37. h4 Rb4 38.
f4 Rb8 39. e4 fxe4 40. g4 e3 41. g5+ Kf5 42. g6 e2 43. gxf7 e1=Q+ 44. Kc2
b1=Q# { White checkmated } 0-1

[Event "ICC tourney 2603 (40 5)"]
[Site "Internet Chess Club"]
[Date "2021.06.12"]
[Round "3"]
[White "KESIREDDY, SAIKARUNYA:K05-16974321"]
[Black "WONG, WYATT:K05-17016313"]
[Result "0-1"]
[ICCResult "White checkmated"]
[WhiteElo "880"]
[BlackElo "1620"]
[Opening "Sicilian"]
[ECO "B50"]
[NIC "SI.01"]
[Time "17:01:13"]
[PlyCount "76"]
[TimeControl "2400+5"]

1. e4 c5 2. Nf3 d6 3. c3 Nf6 4. Be2 e6 5. O-O Be7 6. d3 a6 7. Be3 b5 8.
Nbd2 Bb7 9. e5 dxe5 10. Nxe5 Nd5 11. Nb3 Nxe3 12. fxe3 O-O 13. Bf3 Ra7 14.
Bxb7 Rxb7 15. Qf3 Qd5 16. d4 c4 17. e4 Qd8 18. Nd2 Bg5 19. Rad1 Nd7 20. Nc6
Qc7 21. e5 a5 22. Nxa5 Ra7 23. b4 cxb3 24. Ndxb3 Nb6 25. Rf2 Nd5 26. Rd3
Rc8 27. Qg3 Bh6 28. Rff3 Rca8 29. Qf2 Rxa5 30. Nxa5 Rxa5 31. h3 Qa7 32. Qb2
Bf4 33. c4 bxc4 34. Ra3 h6 35. Rxa5 Qxa5 36. g3 Qe1+ 37. Kh2 Be3 38. a4
Qg1# { White checkmated } 0-1

[Event "ICC tourney 2603 (40 5)"]
[Site "Internet Chess Club"]
[Date "2021.06.12"]
[Round "3"]
[White "MORITANI, SHO:K05-16760848"]
[Black "ZIEGLER, NATE:K05-15967852"]
[Result "1-0"]
[ICCResult "Black resigns"]
[WhiteElo "1456"]
[BlackElo "1873"]
[Opening "Caro-Kann: exchange variation"]
[ECO "B13"]
[NIC "CK.02"]
[Time "17:00:35"]
[PlyCount "141"]
[TimeControl "2400+5"]

1. e4 c6 2. d4 d5 3. exd5 cxd5 4. Bd3 Nc6 5. c3 Nf6 6. h3 g6 7. Nf3 Bg7 8.
Bf4 O-O 9. O-O Bf5 10. Be2 Qb6 11. Qb3 Qxb3 12. axb3 e6 13. Nbd2 Ne4 14. b4
f6 15. b5 Ne7 16. Nb3 g5 17. Bh2 Bg6 18. Na5 b6 19. Nc6 Nxc6 20. bxc6 Be8
21. c7 Bd7 22. Ba6 Bc8 23. Bb5 Bb7 24. Ba6 Bc8 25. Ra2 f5 26. Be5 Bxa6 27.
Rxa6 Bxe5 28. Nxe5 Rfc8 29. Rfa1 Rxc7 30. Rxb6 Re8 31. Rba6 Rb8 32. Nd3 Nd2
33. Rxa7 Rxa7 34. Rxa7 Nc4 35. b4 Nd2 36. Ra3 Rc8 37. Nc5 Ne4 38. f3 Nxc5
39. dxc5 e5 40. Ra6 Rd8 41. c6 d4 42. c7 Rc8 43. cxd4 exd4 44. Rc6 Kf7 45.
b5 Ke7 46. b6 Kd7 47. Rc4 d3 48. Kf2 f4 49. Ke1 h5 50. b7 Rxc7 51. b8=Q
Rxc4 52. Qb5+ Rc6 53. Qxd3+ Ke7 54. Qh7+ Kd6 55. Qxh5 Rc5 56. Qg6+ Kc7 57.
Qe6 Kb7 58. Kd2 Kc7 59. Kd3 Kb7 60. Ke4 Kc7 61. Qe7+ Kb6 62. Qxc5+ Kxc5 63.
Kf5 Kd4 64. Kxg5 Ke3 65. Kg4 Kf2 66. Kxf4 Kxg2 67. h4 Kh3 68. h5 Kh4 69. h6
Kh5 70. h7 Kg6 71. h8=Q { Black resigns } 1-0

[Event "ICC tourney 2603 (40 5)"]
[Site "Internet Chess Club"]
[Date "2021.06.12"]
[Round "3"]
[White "JIANG, LUCAS:K05-16314627"]
[Black "SELVAM, SWAGATHA:K05-16203181"]
[Result "1-0"]
[ICCResult "Black checkmated"]
[WhiteElo "1953"]
[BlackElo "1289"]
[Opening "Sicilian: dragon, Yugoslav attack, 7...O-O"]
[ECO "B76"]
[NIC "SI.17"]
[Time "17:00:29"]
[PlyCount "81"]
[TimeControl "2400+5"]

1. e4 c5 2. Nf3 d6 3. d4 cxd4 4. Nxd4 Nf6 5. Nc3 g6 6. f3 Bg7 7. Be3 O-O 8.
Qd2 Nc6 9. g4 e5 10. Nb3 Be6 11. O-O-O a5 12. Qxd6 Qc8 13. Qd2 Rd8 14. Qf2
Rxd1+ 15. Kxd1 Nb4 16. Bb5 Qd8+ 17. Kc1 Bxb3 18. axb3 Bf8 19. Rd1 Qe7 20.
g5 Nh5 21. Rd7 Qe6 22. Rxf7 Kh8 23. Bc4 Qc8 24. f4 Bg7 25. fxe5 Nc6 26. Nd5
Rb8 27. Ne7 Nxe7 28. Rxe7 b5 29. Bd5 a4 30. Ba7 Qg4 31. Rxg7 Qxg5+ 32. Be3
Qxe5 33. Rg8+ Rxg8 34. Bd4 Qxd4 35. Qxd4+ Rg7 36. e5 Re7 37. Qc5 Rxe5 38.
Qd4 Ng7 39. Qxe5 h6 40. Qb8+ Kh7 41. Qg8# { Black checkmated } 1-0

[Event "ICC tourney 2603 (40 5)"]
[Site "Internet Chess Club"]
[Date "2021.06.12"]
[Round "3"]
[White "KURUP, SIDDHARTH:K05-16282415"]
[Black "XIA, RUOXIAO:K05-16025390"]
[Result "0-1"]
[ICCResult "White forfeits on time"]
[WhiteElo "1528"]
[BlackElo "1921"]
[Opening "QGD: semi-Slav, Marshall gambit"]
[ECO "D31"]
[NIC "SL.06"]
[Time "17:00:36"]
[PlyCount "58"]
[TimeControl "2400+5"]

1. d4 d5 2. c4 e6 3. Nc3 c6 4. e4 dxe4 5. Nxe4 Bb4+ 6. Bd2 Qxd4 7. Bxb4
Qxe4+ 8. Be2 Na6 9. Bd6 Qxg2 10. Bf3 Qg5 11. Nh3 Qa5+ 12. Kf1 Nf6 13. Qd4
e5 14. Qh4 Be6 15. Rd1 O-O-O 16. Ng5 Rhe8 17. Kg2 Rd7 18. Rhe1 Bf5 19. Re3
Qd8 20. Ra3 e4 21. Bh5 Nxh5 22. Qxh5 g6 23. Qh6 f6 24. c5 fxg5 25. h4 Bg4
26. Rd4 Bf3+ 27. Kf1 Qf6 28. Raa4 Qf5 29. hxg5 Bh5 { White forfeits on time
} 0-1

[Event "ICC tourney 2603 (40 5)"]
[Site "Internet Chess Club"]
[Date "2021.06.12"]
[Round "3"]
[White "BEAR, NICHOLAS D:K05-16056078"]
[Black "LI, JINGTU OSCAR:K05-16113408"]
[Result "0-1"]
[ICCResult "White resigns"]
[WhiteElo "1714"]
[BlackElo "1449"]
[Opening "Queen's pawn: London system"]
[ECO "A45"]
[NIC "QP.07"]
[Time "17:00:17"]
[PlyCount "82"]
[TimeControl "2400+5"]

1. d4 Nf6 2. Bf4 d5 3. e3 c5 4. dxc5 e6 5. b4 a5 6. c3 axb4 7. cxb4 b6 8.
Bxb8 Rxb8 9. Bb5+ Ke7 10. c6 Ne4 11. Qc2 Qc7 12. Nf3 Nd6 13. Bd3 g6 14.
Nbd2 Bg7 15. Rb1 b5 16. O-O Rb6 17. Rfc1 Ba6 18. e4 dxe4 19. Nxe4 Rc8 20.
Qd2 Rxc6 21. Rxc6 Qxc6 22. Nc5 Bb7 23. Re1 Qb6 24. Ne5 Rc7 25. Qe3 Bd5 26.
Bc2 Bxa2 27. Ra1 Nc4 28. Nxc4 Bxc4 29. Ra6 Qb8 30. Qg3 Qc8 31. Qd6+ Ke8 32.
Be4 Bd5 33. Bxd5 exd5 34. Qxd5 Rxc5 35. Qxc5 Qxa6 36. Qe3+ Qe6 37. Qc1 Qc4
38. Qe1+ Kf8 39. h3 Bc3 40. Qb1 Qxb4 41. Qa1 Bxa1 { White resigns } 0-1